 Dungeon Crawl Stone Soup version 0.26.0-15-gc6cd9f7 (webtiles) character file.

Game seed: 15887002000998639476

907 garbled the Sneak (level 7, -2/48 HPs)
             Began as a Vampire Earth Elementalist on Jan 22, 2021.
             Slain by a gnoll sergeant
             ... wielding a +5 spear of freezing
              (5 damage)
             ... on level 5 of the Dungeon.
             The game lasted 00:21:37 (5963 turns).

garbled the Sneak (Vampire Earth Elementalist)      Turns: 5963, Time: 00:21:37

Health: -2/48      AC:  3    Str:  7    XL:     7   Next: 81%
Magic:  0/12       EV: 13    Int: 19    God:
Gold:   283        SH:  6    Dex: 15    Spells: 7/13 levels left

rFire    . . .     SeeInvis +   v - +2 dagger (speed)
rCold    . . .     Faith    .   q - +1 buckler
rNeg     . . .     Spirit   .   c - +0 robe
rPois    .         Reflect  .   g - +0 helmet
rElec    .         Harm     .   (no cloak)
rCorr    .         Rampage  .   (no gloves)
Will     .....                  (no boots)
Stlth    +++.......             (no amulet)
HPRegen  0.36/turn              (no ring)
MPRegen  0.13/turn              (no ring)

@: very slightly contaminated, regenerating quickly
A: fangs 3, see invisible, unbreathing
a: Exsanguinate


You were on level 5 of the Dungeon.
You visited 1 branch of the dungeon, and saw 5 of its levels.

You collected 283 gold pieces.

Inventory:

Hand Weapons
 v - a +2 dagger of speed (weapon)
Missiles
 b - 24 stones
 e - 25 sling bullets
 l - 43 poisoned darts
 o - 9 boomerangs
Armour
 c - a +0 robe (worn)
 g - a +0 helmet (worn)
 q - a +1 buckler (worn)
Jewellery
 f - an uncursed ring of ice {unknown}
 h - an uncursed ring of fire {unknown}
 m - an uncursed ring of flight {unknown}
 u - a cursed ring of attention {unknown}
Scrolls
 a - a scroll of random uselessness
 j - 5 scrolls of identify
 k - 3 scrolls of teleportation
Potions
 d - 3 potions of curing {unknown}
 i - 2 potions of resistance {unknown}
 n - 5 potions of heal wounds
 p - a potion of berserk rage {unknown}
 r - a potion of attraction {unknown}
 s - a potion of magic {unknown}
 t - a potion of mutation {unknown}
 w - a potion of haste {unknown}


   Skills:
 - Level 1.5 Fighting
 - Level 1.4 Short Blades
 - Level 2.1 Dodging
 - Level 6.1 Stealth
 - Level 4.0 Shields
 + Level 3.8 Spellcasting
 - Level 3.0 Conjurations
 - Level 1.1 Transmutations
 - Level 4.0 Earth Magic


You had 7 spell levels left.
You knew the following spells:

 Your Spells              Type           Power        Failure   Level
a - Sandblast             Erth           38%          2%          1
b - Passwall              Tmut/Erth      10%          8%          2
c - Stone Arrow           Conj/Erth      34%          10%         3

Your spell library contained the following spells:

 Spells                   Type           Power        Failure   Level
 Petrify                  Tmut/Erth      13%          43%         4
 Lee's Rapid Deconstruct  Erth           9%           58%         5


Dungeon Overview and Level Annotations

Branches:
Dungeon (5/15)
 Temple: D:4-7

Altars:
Ashenzari
Elyvilon
Gozag
Trog
Vehumet


Innate Abilities, Weirdness & Mutations

Your natural rate of healing is unusually fast.
You have razor-sharp teeth.
You have supernaturally acute eyesight. (SInv)
You can survive without breathing.


Message History

The gnoll sergeant barely misses you.
You hit the gnoll sergeant.
The gnoll sergeant is almost dead.
The gnoll sergeant closely misses you.
You hit the gnoll sergeant but do no damage.
The gnoll sergeant is almost dead.
You hit the gnoll sergeant but do no damage.
The gnoll sergeant is almost dead.
The gnoll sergeant hits you but does no damage.
You hit the gnoll sergeant but do no damage.
The gnoll sergeant is almost dead.
You hit the gnoll sergeant but do no damage.
The gnoll sergeant is almost dead.
The gnoll sergeant closely misses you.
You closely miss the gnoll sergeant.
The gnoll sergeant is almost dead.
The gnoll sergeant hits you with a +5 spear of freezing!
* * * LOW HITPOINT WARNING * * *
The gnoll sergeant freezes you.
You die...

....##......<..##.####.####.#
#.#####........##...........#
#..# ##.....#............####
##.###..[..##...........##
#...#...........##.....##
#......####....####..#.[##
##.....####...##..##.##..#
#...##...##..##g.##....##
###[##.........#@'#.....#
#.#..#...............####
..............#..#####
....##.....#....##
#################


You could see a gnoll sergeant.

Vanquished Creatures
  Eustachio (D:4)
  An ogre (D:4)
  2 scorpions
  A hound (D:4)
  A jelly (D:5)
  5 orc wizards
  An orc priest (D:4)
  2 worker ants (D:4)
  Robin (D:2)
  6 gnolls
  10 adders
  3 shadow imps
  2 oozes (D:2)
  3 worms
  5 leopard geckos
  12 orcs
  3 giant cockroaches
  16 goblins
  8 hobgoblins
  7 jackals
  5 quokkas
  2 ball pythons
  6 bats
  4 frilled lizards
  A jackal skeleton (D:4)
  8 kobolds
  A leopard gecko skeleton (D:4)
  7 rats
124 creatures vanquished.

Notes
Turn   | Place    | Note
-------+----------+-------------------------------------------
     0 | D:1      | garbled the Vampire Earth Elementalist began the quest for
                  | the Orb.
     0 | D:1      | Reached XP level 1. HP: 13/13 MP: 3/3
  1093 | D:2      | Reached XP level 2. HP: 10/20 MP: 5/5
  1368 | D:2      | Reached XP level 3. HP: 13/25 MP: 0/6
  1414 | D:2      | Learned a level 2 spell: Passwall
  1418 | D:2      | Learned a level 3 spell: Stone Arrow
  1574 | D:2      | Reached skill level 1 in Fighting
  1856 | D:2      | Reached skill level 1 in Short Blades
  2023 | D:2      | Reached XP level 4. HP: 29/32 MP: 2/7
  2080 | D:2      | Found a bloodstained altar of Trog.
  2110 | D:2      | Noticed Robin
  2164 | D:2      | Killed Robin
  2165 | D:2      | Reached skill level 4 in Stealth
  2721 | D:3      | Found an opulent altar of Gozag.
  2772 | D:3      | Reached XP level 5. HP: 37/37 MP: 3/8
  2799 | D:3      | Reached skill level 1 in Shields
  3089 | D:3      | Found a radiant altar of Vehumet.
  3846 | D:4      | Noticed Eustachio
  3893 | D:4      | Noticed an ogre
  4089 | D:4      | Killed Eustachio
  4090 | D:4      | Reached XP level 6. HP: 35/43 MP: 2/9
  4117 | D:4      | Reached skill level 1 in Conjurations
  4232 | D:4      | Found a white marble altar of Elyvilon.
  4373 | D:4      | Reached XP level 7. HP: 42/48 MP: 3/10
  4398 | D:4      | Reached skill level 5 in Stealth
  4732 | D:4      | Reached skill level 6 in Stealth
  5204 | D:5      | Entered Level 5 of the Dungeon
  5867 | D:5      | Found a broken altar of Ashenzari.
  5963 | D:5      | Slain by a gnoll sergeant

Illustrated notes

Levels and vault maps discovered:
D:1:      evilmike_arrival_plus, layout_basic, minmay_pentomino_p2
D:2:      minmay_razor_zed, layout_basic, nicolae_overflow_hidden_temple,
          uniq_robin
D:3:      layout_basic, nicolae_overflow_crystal_walls, lemuel_round_altar
D:4:      layout_rooms, lemuel_crystal_altar, uniq_eustachio
D:5:      layout_cave_pools, old_standard_altar, serial_shops, shop_statue,
          serial_gnoll_camp, gnoll_camp_mini_basic, gnoll_camp_mini_hut,
          gnoll_camp_mini_hut, gnoll_camp_mini_hut

Skill      XL: |  1  2  3  4  5  6  7 |
---------------+----------------------+-----
Fighting       | 1 |  1.5
Short Blades   | 1 |  1.4
Stealth        | 4 6 |  6.1
Earth Magic    | 4 |  4.0
Shields        | 4 |  4.0
Conjurations   | 2 3 |  3.0
Spellcasting   | 3 |  3.8
Dodging        | |  2.1
Transmutations | |  1.1

Action                   |  1- 3 |  4- 6 |  7- 9 || total
-------------------------+-------+-------+-------++-------
Melee: Dagger            |    71 |    99 |    58 ||   228
       Bite              |     7 |    11 |     1 ||    19
 Cast: Sandblast         |    37 |    87 |    42 ||   166
       Stone Arrow       |       |     4 |    27 ||    31
  Use: Scroll            |     1 |     5 |     1 ||     7
       Potion            |     3 |       |     1 ||     4
 Stab: Sleeping          |     6 |     2 |     1 ||     9
Armor: Robe              |    17 |    15 |     7 ||    39
Dodge: Dodged            |    67 |    78 |    33 ||   178
Block: Buckler           |       |    16 |    12 ||    28
